Map: Mech Depot LE

Players

Blagarse

  • Race: Terran Terran
  • League: Gold
  • Spawn Location: 7:00

Juxtapose - Winner!

  • Race: Zerg Zerg
  • League: Gold
  • Spawn Location: 1:00

VOD

https://youtu.be/jlLwwgjJUNE

Description

While I still find Terran a hard match up as Zerg, I perform much better this time around.

I secure that third Hatchery in decent time, tech to Ultralisks instead of sticking to just Roaches, I do spread Creep but that still needs a lot of work, and I even get to briefly toy with Vipers.

I ended up floating a lot of Minerals though, and when battles start and things get hectic I miss a lot of Spawn Larva, so I should start using that extra cash for macro Hatcheries.

Time

  • Played on: Nov. 5, 2017, 2:08 p.m.
  • Length: 16:54
Show
View Real Time Build Order
Export as new Build Order

Blagarse Terran 

Build Orders: MMM Bio 

Get SALT Encoding   

  12  0:13  SCV, Supply Depot  
  13  0:25  SCV  
  14  0:37  Barracks  
  14  0:38  SCV  
  15  0:50  SCV  
  16  0:59  Refinery  
  16  1:03  SCV  
  17  1:07  Supply Depot  
  17  1:15  SCV  
  18  1:25  Marine  
  19  1:27  SCV  
  20  1:42  Orbital Command  
  20  1:43  Marine  
  20  1:44  Refinery  
  21  2:09  Command Center  
  21  2:22  Barracks Reactor  
  21  2:26  SCV  
  22  2:31  Factory  
  22  2:38  SCV  
  23  2:50  SCV  
  24  3:01  Bunker  
  24  3:02  SCV  
  24  3:04  Refinery, Marine x2  
  27  3:14  SCV  
  27  3:15  Factory Tech Lab  
  28  3:22  Starport  
  28  3:24  SCV  
  28  3:26  SCV  
  30  3:29  Marine x2  
  32  3:36  SCV  
  32  3:38  SCV  
  34  3:43  Siege Tank  
  37  3:48  SCV  
  37  3:50  SCV  
  37  3:53  Marine  
  40  3:59  Starport Reactor  
  40  4:01  SCV  
  41  4:04  SCV  
  41  4:09  Engineering Bay  
  42  4:13  SCV  
  42  4:16  SCV  
  44  4:19  Bunker  
  44  4:20  Liberator  
  44  4:22  Marine  
  44  4:23  Marine  
  46  4:25  SCV, Liberator  
  46  4:28  SCV  
  51  4:38  Supply Depot  
  54  4:47  Orbital Command  
  54  4:59  Refinery  
  54  5:00  Siege Tank, Marine  
  54  5:04  Supply Depot  
  58  5:09  Missile Turret  
  58  5:16  SCV  
  59  5:21  Marine  
  59  5:22  Marine  
  61  5:29  SCV  
  61  5:32  Siege Tank  
  61  5:35  Barracks  
  65  5:36  Missile Turret  
  65  5:41  SCV, Marine x2  
  68  5:44  Terran Infantry Weapons Level 1  
  68  5:45  Medivac  
  70  5:53  SCV  
  71  6:21  Marine x2  
  71  6:22  Barracks  
  71  6:23  SCV  
  74  6:28  Supply Depot  
  74  6:30  Barracks Tech Lab  
  74  6:33  Siege Tank  
  74  6:34  Medivac  
  74  6:35  SCV  
  80  6:47  SCV  
  80  6:51  Marine x3  
  80  6:53  Stimpack  
  84  6:59  SCV  
  85  7:05  Siege Tank  
  88  7:10  Marine  
  88  7:11  SCV, Marine  
  88  7:12  Barracks Reactor  
  88  7:15  Barracks  
  91  7:22  Viking x2  
  95  7:23  SCV  
  95  7:25  Command Center  
  95  7:29  Starport  
  96  7:35  SCV  
  97  7:38  Terran Infantry Armor Level 1  
  97  7:47  SCV  
  97  7:48  Marine  
  97  7:49  Marine x3  
  102  7:57  Marine  
  103  8:04  Supply Depot  
  103  8:06  Marine x2  
  103  8:09  Barracks Reactor  
  96  8:29  Supply Depot  
  96  8:30  Starport Tech Lab  
  96  8:31  Medivac x2  
  100  8:48  Marine x2  
  100  8:49  Marine  
  100  8:52  Supply Depot  
  103  9:03  Marine x2  
  105  9:14  Marine x3  
  105  9:15  Bunker  
  105  9:16  Bunker  
  107  9:20  Marine  
  107  9:21  Marine  
  109  9:29  Marine  
  109  9:30  Marine  
  109  9:32  Marine x3  
  112  9:38  Marine x2  
  114  9:47  Marine x2  
  114  9:50  Marine  
  117  9:57  Raven  
  117  9:59  Siege Tank  
  122  10:02  Marine x3  
  122  10:03  Marine  
  122  10:05  Marine x2  
  127  10:29  Marine x3  
  127  10:31  Siege Tank  
  133  10:40  Planetary Fortress  
  133  10:50  Command Center  
  133  10:52  Marine x5  
  133  10:53  Marine x2  
  140  10:57  Combat Shields  
  140  11:02  Armory  
  130  11:21  Ghost Academy  
  103  11:37  SCV  
  103  11:40  Marine  
  103  11:41  Marine x5  
  103  11:44  Siege Tank  
  113  11:49  SCV  
  113  11:50  Ghost Academy  
  114  11:55  Ghost  
  114  11:58  Marine x2  
  114  11:59  Personal Cloaking, Marine  
  114  12:01  SCV  
  119  12:02  Medivac x2  
  123  12:11  Command Center  
  123  12:13  SCV  
  124  12:16  Siege Tank  
  127  12:24  Ghost  
  127  12:25  SCV  
  130  12:31  Planetary Fortress  
  130  12:34  Nuke  
  130  12:37  Refinery  
  130  12:38  Marine, Ghost Academy  
  130  12:39  Marine x5  
  130  12:41  Refinery, Terran Infantry Weapons Level 2  
  136  12:53  Marine  
  136  12:57  Liberator  
  137  13:02  Marine x3  
  137  13:03  Marine x3  
  143  13:10  Marine  
  143  13:11  Nuke  
  144  13:14  Medivac  
  144  13:15  Medivac  
  151  13:20  Marine x3  
  151  13:25  Nuke  
  153  13:55  Marine x3  
  153  13:56  Marine  
  153  13:57  Siege Tank  
  160  14:23  Marine x3  
  163  14:30  Siege Tank  
  166  14:32  Terran Ship Weapons Level 1  
  166  14:34  Factory  
  166  14:51  Planetary Fortress  
  158  15:02  Siege Tank  
  96  15:37  Marine x2  
  96  15:38  Marine x3  
  96  15:39  Marine x2  
  82  15:52  Factory Tech Lab  
  82  15:55  Marine x2  
  82  15:56  Marine x3  
  84  15:57  Marine  
  84  16:00  Supply Depot  
  84  16:01  Supply Depot x2  
  83  16:04  Supply Depot  
  83  16:18  Marine x2  
  76  16:19  Marine  
  76  16:20  Marine  
  76  16:22  Marine x2  
Show
View Real Time Build Order
Export as new Build Order

Juxtapose Zerg - Winner!

Build Orders: Hatch First 

Get SALT Encoding   

  12  0:01  Drone  
  13  0:09  Drone  
  14  0:17  Overlord  
  14  0:36  Drone x2  
  16  0:51  Hatchery  
  16  0:54  Drone  
  16  0:59  Extractor  
  16  1:01  Drone  
  16  1:10  Overlord  
  16  1:23  Spawning Pool  
  15  1:27  Drone  
  15  1:29  Drone  
  17  1:37  Drone  
  18  1:45  Drone  
  19  1:52  Drone  
  20  2:02  Drone  
  20  2:08  Drone  
  22  2:13  Drone  
  22  2:14  Queen  
  25  2:17  Queen  
  27  2:25  Zergling x4  
  27  2:28  Zergling x2  
  30  2:38  Drone x2  
  30  2:43  Extractor  
  31  2:45  Drone  
  31  2:59  Overlord  
  31  3:09  Drone x4  
  35  3:19  Roach Warren  
  34  3:28  Drone  
  34  3:29  Drone  
  36  3:37  Queen  
  36  3:39  Hatchery  
  37  3:52  Drone x4  
  37  3:53  Drone x2  
  43  3:57  Overlord  
  43  4:06  Overlord  
  43  4:11  Drone  
  43  4:12  Overlord  
  44  4:23  Drone x5  
  44  4:24  Drone  
  50  4:26  Extractor  
  50  4:28  Extractor  
  48  4:33  Drone x4  
  48  4:34  Drone  
  53  4:40  Metabolic Boost  
  53  4:54  Drone x2  
  53  4:55  Drone x4  
  59  5:14  Drone x7  
  62  5:15  Drone x2  
  68  5:21  Lair  
  68  5:27  Overlord x3  
  68  5:36  Evolution Chamber  
  67  5:43  Drone  
  67  5:45  Extractor  
  67  5:47  Drone x2  
  67  5:48  Drone x3, Extractor  
  71  5:52  Queen  
  73  6:05  Spore Crawler  
  68  6:27  Infestation Pit  
  68  6:28  Zerg Ground Armor Level 1  
  68  6:29  Drone x4  
  68  6:30  Roach x2  
  68  6:31  Roach x8  
  68  6:32  Roach x3  
  97  6:41  Drone  
  97  6:42  Overlord x2  
  98  6:55  Overlord  
  98  6:56  Overlord  
  98  7:05  Pneumatized Carapace  
  98  7:14  Pathogen Glands  
  98  7:16  Hive  
  98  7:17  Glial Reconstitution  
  98  7:22  Infestor  
  98  7:23  Infestor x3  
  106  7:47  Roach x3  
  106  7:48  Roach x2, Zergling x12  
  106  7:49  Overlord x6  
  106  7:50  Overlord  
  122  8:00  Overseer  
  122  8:01  Overseer x2  
  118  8:30  Burrow  
  118  8:41  Ravager x3  
  121  8:55  Zerg Missile Weapons Level 1, Ultralisk Cavern  
  120  9:03  Neural Parasite  
  120  9:05  Tunneling Claws  
  120  9:06  Adrenal Glands  
  119  9:43  Chitinous Plating  
  119  10:02  Ultralisk x4  
  119  10:03  Overlord x5  
  119  10:04  Zergling x6  
  119  10:05  Zergling x16  
  119  10:06  Zergling x12  
  160  10:07  Hatchery  
  159  10:32  Ultralisk x2  
  171  10:37  Ultralisk x5  
  171  10:40  Infestor x4  
  171  10:49  Zerg Ground Armor Level 2  
  171  10:57  Roach x12  
  171  11:06  Ultralisk x3  
  171  11:07  Zergling x8  
  171  11:08  Zergling x8  
  105  11:40  Ultralisk x2  
  117  11:47  Extractor  
  117  11:50  Extractor  
  115  11:55  Overseer x3  
  115  12:20  Infestor x3  
  121  12:51  Drone x7  
  124  12:52  Drone  
  124  12:54  Infestor x3  
  124  12:56  Viper  
  138  12:58  Zergling x2  
  138  12:59  Zergling x10  
  144  13:23  Zerg Melee Weapons Level 1  
  144  13:27  Viper  
  144  13:28  Viper  
  144  13:30  Zergling x16  
  144  13:31  Zergling x2  
  141  14:16  Zergling x14  
  141  14:17  Zergling x2  
  77  15:52  Zergling x8  
  77  15:53  Zergling x14  
  77  15:54  Zergling x10  
  85  16:26  Overseer x4  
  85  16:36  Zergling x8  
  85  16:37  Zergling x2  
  96  16:46  Hatchery  
Tags
 
Composition
MMM Bio
League
GoldGold
Matchup
TvZ
Spawn Locations
Cross Positions
Add a new tag
Caveats
  • Supply blocks, unpowered buildings, or Contaminate may cause inaccurate times.
  • Supply counts are checked every 10 seconds.